AoeStats
← 明

Arabia

509912430Analyzed
1v1 RM · 3d ago on Sep 28, 2026· 51m 48s· 2 players
Game mode
Random Map
Map size
Tiny (2 player)
Population
200
Speed
Normal
Resources
Standard
Victory
Conquest
Starting age
Dark Age
Ending age
Imperial Age
RankedLock teamsTeams togetherTeam positionsShared explorationLock speedFull tech treeHidden civsTurbo modeCheats
Victory
Defeat
🇨🇳 Huns · China
699
+27
🇹🇷 Malians · Türkiye
732
-18
明
6:44 Loom
9:42 Feudal Age
10:25 Double-Bit Axe
12:48 Horse Collar
16:14 Forging
16:44 Gold Mining
22:31 Castle Age
21:21 Scale Barding Armor
23:30 Bloodlines
23:21 Husbandry
24:59 Gold Shaft Mining
24:37 Bow Saw
26:19 Iron Casting
26:00 Heavy Plow
28:20 Chain Barding Armor
29:02 Wheelbarrow
28:44 Stone Mining
30:08 Hand Cart
30:03 Fletching
30:14 Padded Archer Armor
32:03 Leather Archer Armor
31:43 Bodkin Arrow
36:20 Imperial Age
35:48 Ballistics
36:32 Cavalier
37:15 Bracer
38:16 Blast Furnace
38:59 Plate Barding Armor
38:54 Paladin
40:04 Parthian Tactics
42:10 Chemistry
43:38 Two-Man Saw
42:07 Heavy Cavalry Archer
43:25 Conscription
43:18 Elite Tarkan
45:34 Marauders
mhmgny72
0:31 Loom
13:37 Feudal Age
14:06 Double-Bit Axe
14:05 Horse Collar
23:48 Gold Mining
27:26 Castle Age
25:51 Stone Mining
30:57 Coinage
32:11 Tigui
35:37 Bow Saw
38:06 Wheelbarrow
37:27 Crossbowman
40:21 Hand Cart
43:59 Imperial Age
41:56 Hand Cart
41:27 Town Watch
42:31 Gold Shaft Mining
42:36 Stone Shaft Mining
44:39 Ballistics
44:00 Treadmill Crane
44:31 Masonry
44:46 Town Patrol
45:17 Conscription
45:31 Farimba
46:07 Thumb Ring
45:28 Elite Skirmisher
47:11 Hoardings
47:20 Architecture
46:48 Capped Ram
50:27 Arbalester
Connection lost

Rejoining the realm…

Still unreachable

The connection could not be restored.

Session expired

The server has moved on; the page needs a fresh start.